Map: Eternal Empire LE

Players

DPGPartinG (PartinG) - Winner!

  • Race: Protoss Protoss
  • League: Grandmaster
  • Spawn Location: 1:00

DRG

  • Race: Zerg Zerg
  • League: Master
  • Spawn Location: 7:00

VOD

Have the link to the VOD?

Description

Time

  • Played on: Jan. 9, 2020, 5:14 a.m.
  • Length: 5:53
Show
View Real Time Build Order
Export as new Build Order

DPGPartinG Protoss - Winner!

Build Orders: 1 Gate Expand, Dark Templar Rush 

Get SALT Encoding   

  12  0:00  Probe  
  13  0:13  Probe  
  14  0:17  Pylon  
  14  0:25  Probe  
  15  0:28  Assimilator  
  15  0:37  Probe (Chrono Boost)  
  16  0:43  Gateway  
  16  0:48  Probe (Chrono Boost)  
  17  0:53  Probe (Chrono Boost)  
  19  1:04  Probe  
  19  1:16  Probe  
  20  1:24  Nexus  
  20  1:33  Cybernetics Core  
  20  1:36  Probe  
  21  1:42  Assimilator  
  21  1:48  Probe  
  21  1:50  Pylon  
  22  2:00  Probe (Chrono Boost)  
  23  2:09  Warp Gate, Stalker  
  23  2:13  Probe (Chrono Boost)  
  26  2:20  Probe (Chrono Boost)  
  26  2:22  Twilight Council  
  27  2:27  Probe  
  28  2:35  Robotics Facility  
  28  2:39  Probe (Chrono Boost)  
  28  2:40  Probe (Chrono Boost)  
  30  2:50  Probe x2 (Chrono Boost)  
  32  2:55  Probe (Chrono Boost)  
  32  2:56  Probe (Chrono Boost)  
  34  2:59  Dark Shrine  
  34  3:05  Gateway  
  34  3:12  Gateway  
  34  3:19  Warp Prism (Chrono Boost)  
  34  3:24  Probe  
  34  3:26  Probe  
  38  3:31  Assimilator  
  38  3:33  Assimilator  
  38  3:36  Probe (Chrono Boost)  
  40  3:43  Pylon  
  40  3:44  Probe (Chrono Boost)  
  40  3:47  Probe (Chrono Boost)  
  42  3:48  Observer  
  42  3:51  Pylon  
  42  3:52  Probe x2 (Chrono Boost)  
  44  4:03  Probe x2 (Chrono Boost)  
  46  4:11  Dark Templar x3  
  46  4:15  Probe (Chrono Boost)  
  54  4:21  Probe (Chrono Boost)  
  55  4:24  Probe (Chrono Boost)  
  55  4:45  Probe, Dark Templar x2  
  61  4:49  Dark Templar  
  62  5:00  Pylon  
  62  5:01  Pylon  
  62  5:03  Shield Battery  
  62  5:11  Gateway  
  62  5:12  Gateway  
  62  5:16  Gateway  
  62  5:17  Forge  
  62  5:25  Dark Templar x2, Zealot  
Show
View Real Time Build Order
Export as new Build Order

DRG Zerg 

Build Orders: Hatch First 

Get SALT Encoding   

  12  0:00  Drone  
  13  0:12  Overlord  
  13  0:16  Drone  
  14  0:30  Drone x2  
  16  0:48  Hatchery  
  15  0:51  Drone  
  15  0:54  Drone  
  17  0:57  Drone  
  18  1:08  Extractor  
  17  1:14  Spawning Pool  
  17  1:16  Drone  
  17  1:19  Drone  
  18  1:28  Drone  
  19  1:38  Drone  
  20  1:47  Hatchery  
  20  1:49  Drone  
  20  2:00  Drone x2  
  22  2:04  Queen  
  24  2:11  Drone  
  24  2:15  Overlord  
  25  2:23  Queen  
  25  2:26  Drone  
  28  2:31  Metabolic Boost  
  28  2:34  Drone  
  28  2:36  Drone  
  30  2:38  Drone  
  31  2:44  Queen  
  31  2:48  Drone  
  31  2:50  Drone  
  35  2:53  Drone  
  36  2:59  Queen  
  36  3:03  Drone x2  
  40  3:06  Overlord  
  40  3:09  Drone  
  40  3:11  Drone  
  42  3:16  Overlord  
  42  3:20  Roach Warren  
  42  3:24  Drone  
  42  3:27  Drone x3  
  44  3:30  Extractor x2  
  44  3:32  Drone x2  
  45  3:35  Drone x2  
  45  3:39  Overlord  
  47  3:45  Drone x2  
  49  3:48  Zergling x2  
  49  3:51  Zergling x2  
  49  3:52  Overlord  
  51  3:57  Overlord  
  51  4:05  Drone x7  
  58  4:11  Lair  
  58  4:16  Drone x3  
  61  4:22  Spore Crawler  
  61  4:23  Spore Crawler  
  59  4:24  Zergling x2, Spore Crawler  
  59  4:29  Zergling x2, Extractor  
  59  4:30  Zergling x4  
  60  4:35  Overlord  
  58  4:38  Overlord  
  58  4:42  Evolution Chamber  
  58  4:43  Drone  
  58  4:47  Overlord  
  58  4:53  Drone  
  59  5:03  Drone  
  60  5:09  Roach x2  
  64  5:16  Roach x5  
  64  5:19  Roach  
  76  5:27  Roach x3  
  71  5:31  Overseer  
Tags
 
Add a new tag
Caveats
  • Supply blocks, unpowered buildings, or Contaminate may cause inaccurate times.
  • Supply counts are checked every 10 seconds.